 Dungeon Crawl Stone Soup version 0.20.0-7-g3b7b877 (webtiles) character file.

7088 grindst0ne the Protected (level 11, 0/81 HPs)
             Began as a Formicid Fighter on May 29, 2017.
             Was a Priest of Okawaru.
             Slain by a rakshasa
             ... wielding a +0 long sword
              (6 damage)
             ... on level 2 of the Abyss.
             The game lasted 00:35:26 (11353 turns).

grindst0ne the Protected (Formicid Fighter)        Turns: 11353, Time: 00:35:26

Health: 0/81       AC: 17    Str: 27    XL:     11   Next: 30%
Magic:  14/14      EV: 10    Int:  9    God:    Okawaru [***...]
Gold:   563        SH: 14    Dex: 15    Spells: 10/10 levels left

rFire    . . .     SeeInvis +   h - +0 battleaxe (chop)
rCold    . . .     Gourm    .   c - +0 shield
rNeg     . . .     Faith    .   m - +0 plate armour
rPois    +         Spirit   .   (helmet unavailable)
rElec    .         Reflect  +   d - +0 cloak
rCorr    .         Harm     .   v - +1 pair of gloves
MR       ++...                  (no boots)
Stlth    ..........             t - +2 amulet of reflection
Regen    0.0/turn               k - +5 ring of strength
MPRegen  0.2/turn               (no ring)

@: non-regenerating, diseased
A: permanent stasis, dig shafts and tunnels, four strong arms, antennae 3, icy
blue scales 1, yellow scales 1, agile 1, deformed body, magic resistance 1,
sense surroundings 1, poison resistance, strong 1, evolution 1, no potion heal
1, MP-powered wands
a: Dig, Shaft Self, Heroism, Renounce Religion


You were on level 2 of the Abyss.
You worshipped Okawaru.
Okawaru was most pleased with you.
You were very hungry.

You visited 2 branches of the dungeon, and saw 11 of its levels.
You visited the Abyss 1 time.
You also visited: Sewer.

You collected 563 gold pieces.

Inventory:

Hand Weapons
 a - a +0 war axe
 h - a +0 battleaxe of chopping (weapon)
 l - a +1 mace of crushing
Armour
 b - a +0 scale mail
 c - a +0 shield (worn)
 d - a +0 cloak (worn)
 m - a +0 plate armour (worn)
 v - a +1 pair of gloves (worn)
 w - a +3 chain mail of poison resistance
 x - a +0 large shield
 K - a +0 chain mail of cold resistance
Jewellery
 k - a +5 ring of strength (left hand)
 t - a +2 amulet of reflection (around neck)
 y - an uncursed ring of fire
 B - an uncursed ring of see invisible
 G - a cursed -2 ring of evasion {unknown}
 H - an uncursed ring of poison resistance
Wands
 z - a wand of lightning (9/15)
 E - a wand of random effects (24/48)
 F - a wand of confusion (33/48)
 I - a wand of disintegration (0/24)
Scrolls
 e - 3 scrolls of fog
 r - 2 scrolls of remove curse
 s - a scroll of recharging
 D - a scroll of fear
Potions
 g - 9 potions of curing
 n - 3 potions of brilliance
 p - 5 potions of flight
 q - 2 potions of heal wounds
 u - 2 potions of agility {unknown}
 A - a potion of haste {unknown}
Miscellaneous
 L - a phial of floods (inert)
Comestibles
 f - 3 bread rations
 i - 2 royal jellies
 j - 2 meat rations
 o - 2 fruits


   Skills:
 - Level 6.0 Fighting
 + Level 8.7 Axes
 - Level 10.1 Armour
 - Level 5.3 Dodging
 - Level 9.4 Shields
 - Level 5.2 Evocations


You had 10 spell levels left.
You didn't know any spells.

Dungeon Overview and Level Annotations

Branches:
Dungeon (10/15)            Temple (1/1) D:6            Lair (0/6) D:10
    Orc (0/2) D:9

Altars:
Ashenzari
Cheibriados
Dithmenos
Elyvilon
Fedhas
Gozag
Hepliaklqana
Kikubaaqudgha
Makhleb
Nemelex Xobeh
Okawaru
Qazlal
Ru
Sif Muna
Trog
Uskayaw
Vehumet
Xom
Yredelemnul
Zin
The Shining One

Annotations:
D:6 exclusion: downstairs
D:8 exclusion: downstairs
D:10 Sonja


Innate Abilities, Weirdness & Mutations

You cannot be hasted, slowed, berserked, paralysed or teleported.
You can dig through walls and to a lower floor.
Your four strong arms can wield two-handed weapons with a shield.
You have a pair of large antennae on your head. (SInv)
You are partially covered in icy blue scales. (AC +2)
You are partially covered in yellow scales. (AC +2)
You are agile. (Dex +2)
Armour fits poorly on your strangely shaped body.
You are resistant to hostile enchantments. (MR+)
You passively map a small area around you.
Your system is resistant to poisons. (rPois)
Your muscles are strong. (Str +2)
You evolve.
Potions are less effective at restoring your health.
You expend magic power (3 MP) to strengthen your wands.


Message History

The rakshasa shimmers and seems to become two!
You block the rakshasa's attack.
The rakshasa hits you with a long sword!
The rakshasa hits you with a trident.
The rakshasa blinks!
You barely miss the rakshasa. You closely miss the rakshasa.
You miss the rakshasa. You closely miss the rakshasa.
The rakshasa hits you with a trident.
The rakshasa hits you but does no damage.
You block the rakshasa's attack.
The rakshasa hits you with a long sword.
You block the rakshasa's attack.
You barely miss the rakshasa.
You hit the rakshasa. x3; You miss the rakshasa.
You hit the rakshasa but do no damage.
The rakshasa hits you with a long sword!
* * * LOW HITPOINT WARNING * * *
You block the rakshasa's attack. The rakshasa hits you with a trident.
* * * LOW HITPOINT WARNING * * *
The rakshasa blinks!
The rakshasa hits you with a long sword.
You die...

.....##.#..F.#. ..
#..#...# #.#..
###{{..#§#..##..#
##.##h#.#..## h #
#...#hF## #.x.#. .
###).#'##...#..#.
..
##.[R..#.##......##
.
#..)§RGR..##.#.##.
.. #.R@R)[###.
###.....
###RR[###.# ##.
.#.# #..## 3#. .
....#. ##.# .# .#.
#. .#. ### #####. .
# . # # . #.3.. # #


You could see a great orb of eyes, 7 rakshasas, 2 raiju and a blink frog.

Vanquished Creatures
  2 two-headed ogres (D:9)
  An elephant (D:9)
  A troll (D:9)
  Prince Ribbit (D:7)
  A spriggan (D:7)
  Eustachio (D:6)
  A hungry ghost (D:9)
  Edmund (D:5)
  Duvessa (D:7)
  5 sky beasts
  4 phantoms
  An ice beast (D:4)
  2 black bears
  An orc warrior (D:6)
  The ghost of MDvedh the Shooter, an amateur NaHu (D:3)
  5 ogres
  3 centaurs
  A crocodile (D:10)
  2 elf zombies (D:8)
  Blork the orc (D:5)
  2 big kobolds
  4 bullfrogs
  Dowan (D:7)
  3 scorpions
  6 wights
  A centaur zombie (D:9)
  2 crimson imps
  A jelly (D:5)
  4 orc priests
  7 hounds
  2 human skeletons (D:8)
  2 human zombies (D:8)
  An iguana (D:6)
  Crazy Yiuf (D:2)
  6 orc wizards
  4 worker ants
  A hound skeleton (D:9)
  6 mummies (D:8)
  A worker ant zombie (D:7)
  7 gnolls
  12 adders
  4 river rats (Sewer)
  4 shadow imps
  5 oozes
  An adder skeleton (D:5)
  An adder zombie (D:4)
  4 worms
  A dart slug (D:1)
  4 leopard geckos
  33 orcs
  15 ball pythons
  6 giant cockroaches
  6 goblins
  3 hobgoblins
  9 jackals
  33 kobolds
  6 quokkas
  15 bats
  7 frilled lizards
  A jackal zombie (D:5)
  A leopard gecko skeleton (D:4)
  27 rats
296 creatures vanquished.

Notes
Turn   | Place    | Note
-------+----------+-------------------------------------------
     0 | D:1      | grindst0ne the Formicid Fighter began the quest for the Orb.
     0 | D:1      | Reached XP level 1. HP: 18/18 MP: 1/1
    91 | D:1      | Reached XP level 2. HP: 23/25 MP: 2/2
   405 | D:1      | Reached XP level 3. HP: 27/31 MP: 3/3
   862 | D:2      | Reached skill level 5 in Fighting
   953 | D:2      | Reached XP level 4. HP: 39/39 MP: 4/4
  1633 | D:2      | Reached skill level 5 in Shields
  1633 | D:2      | Reached XP level 5. HP: 26/44 MP: 5/5
  1848 | D:2      | Found a runed door.
  1859 | D:2      | Noticed Crazy Yiuf
  1880 | D:2      | Gained mutation: Your body sometimes deteriorates upon taking damage. [potion of mutation]
  1880 | D:2      | Gained mutation: You are partially covered in yellow scales. (AC +2) [potion of mutation]
  1880 | D:2      | Lost mutation: Your body sometimes deteriorates upon taking damage. [potion of mutation]
  1880 | D:2      | Gained mutation: You have large cloven feet. [potion of mutation]
  1889 | D:2      | Killed Crazy Yiuf
  1896 | D:2      | HP: 2/44 [poisoned by Crazy Yiuf]
  2366 | D:2      | Found a shattered altar of Ashenzari.
  2664 | D:3      | Noticed MDvedh's ghost (amateur NaHu)
  2697 | D:3      | Killed MDvedh's ghost
  2697 | D:3      | Reached XP level 6. HP: 17/51 MP: 6/6
  2982 | D:3      | Found a glowing drain.
  3000 | Sewer    | Entered a sewer
  3355 | Sewer    | Reached XP level 7. HP: 56/56 MP: 7/7
  5054 | D:4      | Reached skill level 4 in Armour
  5054 | D:4      | Reached XP level 8. HP: 36/62 MP: 8/8
  5478 | D:5      | Entered Level 5 of the Dungeon
  5478 | D:5      | Noticed Edmund
  5516 | D:5      | Killed Edmund
  5516 | D:5      | Reached skill level 5 in Armour
  5615 | D:5      | Reached skill level 6 in Armour
  5628 | D:5      | Lost mutation: You have large cloven feet. [potion of mutation]
  5628 | D:5      | Gained mutation: Armour fits poorly on your strangely shaped body. [potion of mutation]
  5628 | D:5      | Gained mutation: You passively map a small area around you. [potion of mutation]
  5628 | D:5      | Gained mutation: Your system is resistant to poisons. (rPois) [potion of mutation]
  5669 | D:5      | Gained mutation: You are agile. (Dex +2) [mutagenic meat]
  5671 | D:5      | Gained mutation: You occasionally shout uncontrollably at your foes. [mutagenic meat]
  5672 | D:5      | Gained mutation: Your body sometimes deteriorates upon taking damage. [mutagenic meat]
  5673 | D:5      | Lost mutation: Your body sometimes deteriorates upon taking damage. [mutagenic meat]
  5674 | D:5      | Gained mutation: Your muscles are strong. (Str +2) [mutagenic meat]
  5712 | D:5      | Noticed Blork the orc
  5727 | D:5      | Killed Blork the orc
  5727 | D:5      | Reached skill level 7 in Armour
  6021 | D:5      | Reached XP level 9. HP: 50/68 MP: 9/9
  6024 | D:5      | Reached skill level 8 in Armour
  6190 | D:5      | Found a glowing golden altar of the Shining One.
  6525 | D:6      | Reached skill level 9 in Armour
  6527 | D:6      | Noticed Eustachio
  6551 | D:6      | Killed Eustachio
  6756 | D:6      | Reached skill level 10 in Armour
  6844 | D:6      | Found a staircase to the Ecumenical Temple.
  6849 | Temple   | Entered the Ecumenical Temple
  6991 | Temple   | Became a worshipper of Warmaster Okawaru
  7071 | D:6      | Reached skill level 1 in Dodging
  7518 | D:7      | Gained mutation: Potions are less effective at restoring your health. [mutagenic meat]
  7519 | D:7      | Gained mutation: You evolve. [mutagenic meat]
  7520 | D:7      | Gained mutation: You are resistant to hostile enchantments. (MR+) [mutagenic meat]
  7521 | D:7      | Gained mutation: You expend magic power (3 MP) to strengthen your wands. [mutagenic meat]
  7522 | D:7      | Gained mutation: You are partially covered in icy blue scales. (AC +2) [mutagenic meat]
  7935 | D:7      | Found a hide-covered altar of Uskayaw.
  7944 | D:7      | Noticed Duvessa
  7963 | D:7      | Killed Duvessa
  7963 | D:7      | Reached * piety under Okawaru
  7974 | D:7      | Noticed Dowan
  7984 | D:7      | Killed Dowan
  7984 | D:7      | Reached XP level 10. HP: 74/74 MP: 10/10
  8019 | D:7      | Noticed Prince Ribbit
  8068 | D:7      | Killed Prince Ribbit
  8068 | D:7      | Reached skill level 5 in Dodging
  9196 | D:8      | Found a basalt altar of Yredelemnul.
  9266 | D:8      | Reached skill level 5 in Axes
  9416 | D:8      | Found a shadowy altar of Dithmenos.
  9812 | D:9      | Found an opulent altar of Gozag.
  9859 | D:9      | Reached ** piety under Okawaru
  9986 | D:9      | Noticed a two-headed ogre
 10044 | D:9      | Found a staircase to the Orcish Mines.
 10220 | D:9      | Found an iron altar of Okawaru.
 10258 | D:9      | Killed a two-headed ogre
 10487 | D:9      | Reached *** piety under Okawaru
 10487 | D:9      | Reached skill level 5 in Evocations
 10487 | D:9      | Reached XP level 11. HP: 81/81 MP: 14/14
 10668 | D:9      | Noticed a two-headed ogre
 10671 | D:9      | Killed a two-headed ogre
 10702 | D:9      | Lost mutation: You occasionally shout uncontrollably at your foes. [mutagenic meat]
 10741 | D:9      | Found an iron altar of Okawaru.
 10903 | D:10     | Entered Level 10 of the Dungeon
 10926 | D:10     | Noticed an elephant
 10927 | D:10     | Found a staircase to the Lair.
 10927 | D:10     | Noticed Sonja
 10953 | D:9      | Killed an elephant
 11247 | D:10     | Cast into level 2 of the Abyss (Sonja)
 11321 | Abyss:2  | Noticed a large abomination
 11342 | Abyss:2  | Noticed a great orb of eyes
 11347 | Abyss:2  | Noticed a rakshasa
 11347 | Abyss:2  | Noticed a rakshasa
 11347 | Abyss:2  | Noticed a rakshasa
 11347 | Abyss:2  | Noticed a rakshasa
 11353 | Abyss:2  | Slain by a rakshasa

Skill      XL: |  1  2  3  4  5  6  7  8  9 10 11 |
---------------+----------------------------------+-----
Fighting       | 4 5 6 |  6.0
Shields        | 5 6 7 9 |  9.4
Armour         | 4 7 10 | 10.1
Dodging        | 4 5 |  5.3
Axes           | 6 8 |  8.7
Evocations     | 5 |  5.2

Action                   |  1- 3 |  4- 6 |  7- 9 | 10-12 || total
-------------------------+-------+-------+-------+-------++-------
Melee: War axe           |   127 |    16 |       |       ||   143
       Mace              |       |   264 |   585 |   342 ||  1191
       Kick              |       |    43 |    64 |       ||   107
       Battleaxe         |       |       |       |   119 ||   119
Invok: Heroism           |       |       |       |     1 ||     1
 Abil: Dig               |       |    15 |    13 |    24 ||    52
Evoke: Wand              |       |       |       |     7 ||     7
       Phial of floods   |       |       |       |     1 ||     1
  Use: Scroll            |       |     9 |     5 |     5 ||    19
       Potion            |       |     6 |     3 |     3 ||    12
  Eat: Chunk             |       |    11 |    25 |     9 ||    45
       Bread ration      |       |       |     1 |     2 ||     3
Armor: Scale mail        |    86 |    74 |       |       ||   160
       Skin              |       |     5 |     5 |     5 ||    15
       Plate armour      |       |    88 |   128 |    78 ||   294
       Chain mail        |       |       |   174 |    71 ||   245
Dodge: Dodged            |    47 |    66 |   164 |   151 ||   428
Block: Shield            |    94 |   196 |   381 |   332 ||  1003
       Reflection        |       |       |       |     6 ||     6
